 Dungeon Crawl Stone Soup version 0.27.1 (webtiles) character file.

Game seed: 13213772094213941767

28 ChodeyFoster420 the Chopper (level 2, -6/39 HPs)
             Began as a Minotaur Berserker on Aug 24, 2021.
             Was a Believer of Trog.
             Mangled by a gnoll (10 damage)
             ... on level 2 of the Dungeon.
             The game lasted 00:01:54 (1219 turns).

ChodeyFoster420 the Chopper (Minotaur Berserker)    Turns: 1219, Time: 00:01:54

Health: -6/39      AC:  6    Str: 21    XL:     2   Next: 96%
Magic:  1/1        EV: 11    Int:  4    God:    Trog [**....]
Gold:   0          SH:  0    Dex:  9    Spells: 1/1 levels left

rFire    . . .     SeeInvis .   a - +0 hand axe
rCold    . . .     Faith    .   (no shield)
rNeg     . . .     Spirit   .   e - +0 ring mail
rPois    .         Reflect  .   (helmet restricted)
rElec    .         Harm     .   d - +0 cloak
rCorr    .         Rampage  .   (no gloves)
Will     .....                  (no boots)
Stlth    ..........             (no amulet)
HPRegen  0.13/turn              (no ring)
MPRegen  0.07/turn              (no ring)

@: berserking, very quick
A: horns 2, retaliatory headbutt
a: Renounce Religion, Berserk, Trog's Hand


You were on level 2 of the Dungeon.
You worshipped Trog.
Trog was pleased with you.
You visited 1 branch of the dungeon, and saw 2 of its levels.

Inventory:

Hand Weapons
 a - a +0 hand axe (weapon)
Armour
 b - a +0 animal skin
 d - a +0 cloak (worn)
 e - a +0 ring mail (worn)
Potions
 c - a potion of flight {unknown}


   Skills:
 - Level 3.6 Fighting
 + Level 5.1 Axes
 - Level 2.4 Armour
 - Level 2.1 Dodging


You had one spell level left.
You didn't know any spells.
Your spell library was empty.

Dungeon Overview and Level Annotations

Branches:
Dungeon (2/15)

Altars:


Innate Abilities, Weirdness & Mutations

You have a pair of horns on your head.
You reflexively headbutt those who attack you in melee.


Message History

Found a stone staircase leading down.
Found a gold piece.
A goblin comes into view. It is wielding a +0 dagger.
Found 9 gold pieces.
The goblin shouts!
You hear a shout! x3
The goblin closely misses you.
A gnoll comes into view. It is wielding a +0 halberd.
You hit the goblin.
You kill the goblin!
Trog accepts your kill.
No target in view!
No target in view!
No target in view!
No target in view!
You see here a gold piece.
A gnoll is nearby!
A gnoll is nearby!
A gnoll is nearby!
Found a stone staircase leading down.
A gnoll comes into view. It is wielding a +0 halberd.
A rat comes into view.
Things that are here:
a +0 dagger; a goblin corpse
Found an escape hatch in the ceiling.
The gnoll hits you with a +0 halberd.
You closely miss the gnoll.
You headbutt the gnoll, but do no damage.
The gnoll misses you. The gnoll hits you with a +0 halberd.
You closely miss the gnoll.
The gnoll hits you from afar with a +0 halberd!
The gnoll hits you but does no damage.
You hit the gnoll.
The gnoll is moderately wounded.
The gnoll closely misses you. The gnoll hits you with a +0 halberd!
* * * LOW HITPOINT WARNING * * *
You are too injured to fight recklessly!
You are too injured to fight recklessly!
A red film seems to cover your vision as you go berserk!
You feel yourself moving faster!
You feel mighty! The gnoll misses you. The gnoll hits you with a +0 halberd!
You die...

##### # #...# .>#
#####...#####
....##...........#
<...rg............
#g@).$......#
#####...#####
#...# #...# #...#
##.## #.# #.####
##....#


You could see 2 gnolls and a rat.

Vanquished Creatures
  3 bats
  An endoplasm (D:1)
  A giant cockroach (D:1)
  3 goblins
  4 hobgoblins
  3 kobolds (D:1)
  A quokka (D:2)
  2 ball pythons
  2 frilled lizards (D:1)
  5 rats
25 creatures vanquished.

Notes
Turn   | Place    | Note
-------+----------+-------------------------------------------
     0 | D:1      | ChodeyFoster420 the Minotaur Berserker began the quest for
                  | the Orb.
     0 | D:1      | Reached XP level 1. HP: 19/19 MP: 0/0
   208 | D:1      | Reached skill level 4 in Axes
   441 | D:1      | Reached XP level 2. HP: 26/26 MP: 1/1
   751 | D:1      | Reached ** piety under Trog
  1097 | D:2      | Reached skill level 5 in Axes
  1219 | D:2      | Mangled by a gnoll

Illustrated notes

Levels and vault maps discovered:
D:1:      co_arrival_square_in_a_square_in_a_square, layout_loops_ring,
          kennysheep_doodads, minmay_tetromino_l4
D:2:      layout_loops_cross, chequers_avenue

Skill      XL: |  1  2 |
---------------+-------+-----
Axes           | 4 5 |  5.1
Fighting       | |  3.6
Armour         | |  2.4
Dodging        | |  2.1

Action                   || total
-------------------------++-------
Melee: Hand axe          ||    57
       Headbutt          ||     7
Invok: Berserk           ||     1
  Use: Scroll            ||     2
Armor: Ring mail         ||    21
Dodge: Dodged            ||    25
